 Dungeon Crawl Stone Soup version 0.28.0-53-g5a82cb258f (webtiles) character file.

Game seed: 9179184787877349374

52453 unlimited1921 the Eclecticist (level 15, 0/124 HPs)
             Began as a Djinni Fire Elementalist on June 11, 2022.
             Was an Initiate of Gozag.
             Slain by Agnes
             ... wielding a +0 lajatang of speed
              (30 damage)
             ... on level 15 of the Dungeon.
             The game lasted 03:18:59 (27320 turns).

unlimited1921 the Eclecticist (DjFE)               Turns: 27320, Time: 03:19:00

Health: 0/124      AC: 19    Str: 13    XL:     15   Next: 6%
Gold:   1844       EV: 12    Int: 23    God:    Gozag SH:  3 Dex: 12

rFire   + + +      SeeInvis .   R - +11 rapier of Darkness {vorpal, rPois rF++}
rCold   x . .      Faith    .   B - +0 buckler
rNeg    + . .      Spirit   .   x - +1 ring mail "Xuligedd" {rN+ rCorr Dex-3 Slay+3}
rPois   ∞          Reflect  .   D - +2 hat
rElec   .          Harm     .   O - +1 cloak
rCorr   +          Rampage  .   S - +2 pair of gloves {hurl}
Will    +....                   (boots unavailable)
Stlth   ++........              j - amulet of Vitality {Regen+ HP+15}
HPRegen 1.10/turn               u - +4 ring of protection
MPRegen 0.00/turn               P - +6 ring of strength

@: flying
A: sickness immunity, fire resistance 2, cold vulnerability 1, float, innate
caster, HP casting, extra vitality 1
a: Renounce Religion, Potion Petition, Call Merchant, Bribe Branch


You were on level 15 of the Dungeon.
You worshipped Gozag.
Gozag was most pleased with you.
You visited 2 branches of the dungeon, and saw 16 of its levels.
You also visited: Sewer and Bailey.

You collected 3871 gold pieces.
You spent 1764 gold pieces at shops.
You paid 263 gold pieces to Gozag.

Inventory:

Hand Weapons
 g - a +1 dagger of protection
 H - a +2 war axe of distortion
 J - a +0 fustibalus
 R - the +11 rapier of Darkness (weapon) {vorpal, rPois rF++}
   (You found it on level 8 of the Dungeon)

   It inflicts extra damage upon your enemies.
   rF:        It greatly protects you from fire.
   rPois:     It protects you from poison.
Missiles
 d - 514 stones
 e - 119 sling bullets
 r - 178 bolts
 t - 77 poisoned darts
 v - 9 curare-tipped darts
 y - 25 boomerangs
 z - 5 atropa-tipped darts
 L - 8 datura-tipped darts
Armour
 x - the +1 ring mail "Xuligedd" (worn) {rN+ rCorr Dex-3 Slay+3}
   (You bought it in a shop on level 6 of the Dungeon)

   Dex:       It affects your dexterity (-3).
   Slay:      It affects your accuracy & damage with ranged weapons and melee
   (+3).
   rN:        It protects you from negative energy.
   rCorr:     It protects you from acid and corrosion.
 B - a +0 buckler (worn)
 D - a +2 hat (worn)
 O - a +1 cloak (worn)
 S - a +2 pair of gloves of hurling (worn)
Jewellery
 j - the amulet of Vitality (around neck) {Regen+ HP+15}
   (You acquired it on level 6 of the Dungeon)

   [amulet of regeneration]

   HP:        It affects your health (+15).
   Regen:     It increases your rate of health regeneration.
 m - an amulet of reflection
 u - a +4 ring of protection (left hand)
 A - a ring of protection from cold
 I - a ring of resist corrosion
 K - the ring "Kossiv" {Ice Will+ Int+3}
   (You found it on level 14 of the Dungeon)

   [ring of ice]

   It enhances your ice magic.
   Int:       It affects your intelligence (+3).
   rF:        It makes you vulnerable to fire.
   rC:        It protects you from cold.
   Will:      It increases your willpower.
 P - a +6 ring of strength (right hand)
 X - a +6 ring of strength
Wands
 k - a wand of acid (7)
 n - a wand of flame (12)
 p - a wand of digging (10)
 w - a wand of iceblast (20) (quivered)
Scrolls
 b - 9 scrolls of teleportation
 h - 3 scrolls of enchant armour
 i - 7 scrolls of identify
 s - 2 scrolls of immolation
 E - 4 scrolls of fog
 T - 3 scrolls of holy word
 U - a scroll of magic mapping
 V - 2 scrolls of enchant weapon
Potions
 a - 3 potions of attraction
 c - 5 potions of curing
 f - 2 potions of brilliance
 l - 3 potions of might
 o - a potion of degeneration {unknown}
 C - a potion of berserk rage
 F - a potion of cancellation
 G - 2 potions of haste
Miscellaneous
 N - a lightning rod (4/4)


   Skills:
 * Level 10.8 Fighting
 + Level 2.3 Short Blades
 * Level 6.6 Armour
 * Level 6.5 Dodging
 + Level 4.2 Stealth
 + Level 0.3 Shields
 + Level 15.5 Spellcasting
 + Level 5.0 Evocations


You had 7 spell levels left.
You knew the following spells:

 Your Spells              Type           Power      Damage    Failure   Level
a - Foxfire               Conj/Fire      100%       2x1d9     0%          1
b - Scorch                Fire           100%       2d10      1%          2
c - Conjure Flame         Conj/Fire      74%        6-21      1%          3
d - Inner Flame           Hex/Fire       74%        N/A       1%          3
e - Flame Wave            Conj/Fire      74%        2d13      1%          4
f - Beastly Appendage     Tmut           100%       N/A       0%          1
g - Poisonous Vapours     Pois/Air       100%       N/A       1%          2
h - Ignite Poison         Fire/Tmut/Pois 74%        N/A       1%          3
i - Passage of Golubria   Tloc           74%        N/A       1%          4
j - Hailstorm             Conj/Ice       74%        3d15      1%          4
k - Lightning Bolt        Conj/Air       37%        1d55      1%          5
l - Conjure Ball Lightni  Conj/Air       37%        3x3d12    2%          6
Your spell library was empty.

Dungeon Overview and Level Annotations

Branches:
Dungeon (15/15)            Temple (1/1) D:6            Lair (0/6) D:9
    Orc (0/2) D:11         Vaults (0/5) D:14          Sewer (visited)
 Bailey (visited)
 Depths: D:15

Altars:
Ashenzari
Cheibriados
Dithmenos
Elyvilon
Fedhas
Gozag
Hepliaklqana
Kikubaaqudgha
Makhleb
Nemelex Xobeh
Okawaru
Qazlal
Ru
Sif Muna
Trog
Uskayaw
Vehumet
Wu Jian
Xom
Yredelemnul
Zin
The Shining One
Lugonu

Shops:
D:6 ?*[!*   D:14 *

Portals:
Abyss: D:6

Annotations:
D:14 mortz's ghost, journeyman DgEE
D:15 Agnes


Innate Abilities, Weirdness & Mutations

You are immune to sickness and miasma.
You are immune to poison.
Your flesh is very heat resistant. (rF++)
You are vulnerable to cold. (rC-)
You float through the air rather than walking.
You learn spells naturally, not from books.
Your magical power is your life essence.
You have superior vitality. (+4 MHP)


Message History

Unknown command.
Press: ? - help, v - describe, . - travel
Here: Agnes, wielding a +0 lajatang of speed and wearing a +0 robe (lightly wounded)
The floor.
Unknown command.
Casting: Poisonous Vapours (safe; 1% risk of failure)
Confirm with . or Enter, or press ? or * to list all spells.
Aiming: Poisonous Vapours (safe; 1% risk of failure)
Press: ? - help, Dir - move target, f - Agnes
Aim: Agnes, wielding a +0 lajatang of speed and wearing a +0 robe (lightly wounded) Poisonous vapours surround Agnes!
Agnes is poisoned.
The dire elephant tramples you!!
You are shoved backwards!
The dire elephant enters the passage of Golubria.
Casting: Poisonous Vapours (safe; 1% risk of failure)
Confirm with . or Enter, or press ? or * to list all spells.
Aiming: Passage of Golubria (safe; 1% risk of failure)
Press: ? - help, Dir - move target, p - Agnes Flame seeps out of the dire elephant.
The dire elephant is no longer more vulnerable to fire.
Agnes mutters, "I never trained for this."
The dire elephant is engulfed in blazing flames.
Flame seeps out of the dire elephant.
Flame seeps out of the dire elephant.
You block Agnes's attack.
Agnes hits you with a +0 lajatang of speed.
Casting: Passage of Golubria (safe; 1% risk of failure)
Confirm with . or Enter, or press ? or * to list all spells.
You ignite the poison in your surroundings!
Agnes seems to burn from within!!!
Agnes is heavily wounded.
The dire elephant seems to burn from within!!
Flame seeps out of the dire elephant.
The dire elephant is almost dead.
Agnes hits you with a +0 lajatang of speed.
Agnes hits you with a +0 lajatang of speed!
Agnes hits you with a +0 lajatang of speed!!
* * * LOW HITPOINT WARNING * * *
You enter the passage of Golubria.
Agnes hits you with a +0 lajatang of speed!!
You die...
Your body crumbles into a pile of gold.

# # .. #.
##.#.#
......#+#######
..........^.#
...##......°..#
.......§..○@..#
.####....Yi...#
#.######### #.
#


You could see a dire elephant (inner flame) and Agnes.

Vanquished Creatures
  Nessos (D:13)
  The ghost of issech the Stickfighter, a journeyman MiMo of Hepliaklqana (D:14)
  Azrael (D:15)
  Josephine (D:15)
  2 vault guards (D:14)
  4 hydras
  4 boulder beetles
  A catoblepas (D:15)
  A centaur warrior (D:13)
  4 tengu warriors
  6 two-headed ogres
  3 wizards (D:14)
  2 orc knights
  3 deep elf pyromancers
  9 ugly things
  A necromancer (D:14)
  4 cyclopes
  A moth of wrath (shapeshifter) (D:11)
  A moth of wrath (D:3)
  3 manticores (D:11)
  2 gargoyles
  An efreet (D:15)
  An unseen horror (D:13)
  6 kobold demonologists
  2 komodo dragons
  2 hornets (D:7)
  9 trolls
  2 dream sheep (D:12)
  9 slime creatures
  Sigmund (D:3)
  3 wyverns
  2 shadows
  6 wraiths
  A steam dragon (D:7)
  32 yaks
  A fire elemental (D:15)
  4 vampire mosquitoes
  A basilisk (D:13)
  19 humans (D:14)
  The ghost of osoart the Insei, an amateur DsTm (D:3)
  Menkaure (D:6)
  2 water moccasins
  2 acid dragons
  4 hell hounds (D:15)
  12 orc warriors
  Pargi (Sewer)
  A hornet zombie (D:7)
  2 black bears
  A sky beast (D:7)
  3 ice beasts (D:7)
  A necrophage (D:3)
  An ogre (D:5)
  7 centaurs
  A phantom (D:7)
  16 kobold brigands
  4 bullfrogs
  A scorpion (D:5)
  20 killer bees
  10 wights
  2 howler monkeys
  2 bullfrog zombies (D:7)
  4 centaur zombies
  2 jellies (D:6)
  A gnoll shaman (D:7)
  4 orc priests
  6 hounds
  A bullfrog skeleton (D:6)
  A centaur skeleton (D:7)
  Jessica (D:3)
  8 iguanas
  Natasha (D:3)
  16 orc wizards
  A scorpion zombie (D:5)
  2 killer bee zombies
  2 hound skeletons
  Robin (D:4)
  A howler monkey skeleton (D:7)
  5 adders
  A shadow imp (D:7)
  2 white imps
  An ufetubus (D:6)
  An adder skeleton (D:4)
  8 worms
  30 orcs
  10 ball pythons
  5 endoplasms
  7 giant cockroaches
  14 goblins
  13 hobgoblins
  2 jackals (D:1)
  8 quokkas
  4 bats
  8 frilled lizards
  53 kobolds
  6 rats
  3 lurking horrors (D:6)
485 creatures vanquished.

Vanquished Creatures (collateral kills)
  2 ball lightnings (D:15)
2 creatures vanquished.

Vanquished Creatures (others)
  An orc warrior (D:9)
  2 kobolds (D:9)
  11 ball lightnings (D:15)
  540 foxfires
  8 fungi
  11 plants
  6 withered plants (D:14)
579 creatures vanquished.

Grand Total: 1066 creatures vanquished

Notes
Turn   | Place    | Note
-------+----------+-------------------------------------------
     0 | D:1      | unlimited1921 the Djinni Fire Elementalist began the quest
                  | for the Orb.
     0 | D:1      | Reached XP level 1. HP: 15/15 MP: 0/0
   276 | D:1      | Reached XP level 2. HP: 20/21 MP: 0/0
   786 | D:1      | Reached skill level 3 in Spellcasting
   950 | D:1      | Reached XP level 3. HP: 23/25 MP: 0/0
   950 | D:1      | Learned a level 1 spell: Beastly Appendage
  2295 | D:2      | Reached XP level 4. HP: 22/31 MP: 0/0
  3002 | D:2      | Reached skill level 1 in Fighting
  3171 | D:2      | Found a broken altar of Ashenzari.
  3242 | D:2      | Became a worshipper of Ashenzari the Shackled
  3732 | D:3      | Noticed a moth of wrath
  3735 | D:3      | Found a bloodstained altar of Trog.
  3740 | D:3      | Reached XP level 5. HP: 33/37 MP: 0/0
  3740 | D:3      | Learned a level 2 spell: Poisonous Vapours
  3819 | D:3      | Noticed Jessica
  3823 | D:3      | Killed Jessica
  3932 | D:3      | Killed a moth of wrath
  3933 | D:3      | Reached skill level 1 in Armour
  3933 | D:3      | Reached skill level 5 in Spellcasting
  3933 | D:3      | Reached XP level 6. HP: 32/45 MP: 0/0
  3933 | D:3      | Reached XP level 7. HP: 35/49 MP: 0/0
  3933 | D:3      | Learned a level 3 spell: Ignite Poison
  4096 | D:3      | Found a white marble altar of Elyvilon.
  4268 | D:3      | Found a glowing silver altar of Zin.
  4326 | D:3      | Noticed Sigmund
  4329 | D:3      | Killed Sigmund
  4330 | D:3      | Reached XP level 8. HP: 48/56 MP: 0/0
  4788 | D:3      | Found a faded altar of an unknown god.
  4998 | D:3      | Noticed Natasha
  5007 | D:3      | Killed Natasha
  5160 | D:3      | Found a runed translucent gate.
  5160 | D:3      | Found a runed translucent gate.
  5171 | D:3      | Found a runed translucent gate.
  5174 | D:3      | Noticed osoart's ghost (amateur DsTm)
  5424 | D:3      | Reached skill level 6 in Spellcasting
  5428 | D:3      | Killed osoart's ghost
  5585 | D:4      | Noticed Robin
  5587 | D:4      | Killed Robin
  6668 | D:5      | Entered Level 5 of the Dungeon
  7142 | D:5      | Found a glowing drain.
  7152 | Sewer    | Entered a sewer
  7291 | Sewer    | Noticed Pargi
  7295 | Sewer    | Killed Pargi
  7296 | Sewer    | Reached skill level 7 in Spellcasting
  7378 | Sewer    | Identified a scroll of acquirement
  7435 | D:5      | Reached XP level 9. HP: 55/62 MP: 0/0
  7435 | D:5      | Learned a level 4 spell: Passage of Golubria
 10678 | D:6      | Found Inej's Armour Shop.
 11573 | D:6      | Noticed Menkaure
 11830 | D:6      | Found Beppesakk's Distillery.
 11835 | D:6      | Bought a potion of brilliance for 40 gold pieces
 11835 | D:6      | Bought a potion of curing for 30 gold pieces
 11835 | D:6      | Bought a potion of heal wounds for 50 gold pieces
 11882 | D:6      | Killed Menkaure
 12022 | D:6      | Found Awapoa's Assorted Antiques.
 12087 | D:6      | Found a one-way gate to the infinite horrors of the Abyss.
 12093 | D:6      | Found a corrupted altar of Lugonu.
 12199 | D:6      | Reached skill level 8 in Spellcasting
 12221 | D:6      | Found Wubuame's Magic Scroll Shop.
 12224 | D:6      | Found Ebiwuen's General Store.
 12228 | D:6      | Bought a scroll of blinking for 82 gold pieces
 12228 | D:6      | Bought a scroll of identify for 22 gold pieces
 12234 | D:6      | Bought a scroll of identify for 22 gold pieces
 12242 | D:6      | Bought a scroll of identify for 22 gold pieces
 12531 | D:6      | Found a staircase to the Ecumenical Temple.
 12549 | D:6      | Acquired the amulet of Vitality {Regen+ HP+15}
 12549 | D:6      | Found the amulet of Vitality {Regen+ HP+15}
 12799 | D:7      | Reached skill level 5 in Fighting
 12944 | D:7      | Found a flagged portal.
 12950 | Bailey   | Entered a bailey
 12983 | Bailey   | Reached XP level 10. HP: 64/70 MP: 0/0
 13111 | Bailey   | Got the Incunabulum of Malediction
 13124 | Bailey   | Noticed an orc knight
 13128 | Bailey   | Reached skill level 9 in Spellcasting
 13147 | Bailey   | Killed an orc knight
 13368 | Bailey   | Found a burning altar of Makhleb.
 13502 | Temple   | Entered the Ecumenical Temple
 13517 | Temple   | Fell from the grace of Ashenzari
 13517 | Temple   | Became a worshipper of Gozag Ym Sagoz the Greedy
 13661 | D:7      | Noticed a cyclops
 13661 | D:7      | Noticed a komodo dragon
 13698 | D:6      | Killed a komodo dragon
 13699 | D:6      | Reached skill level 10 in Spellcasting
 13847 | D:6      | Killed a cyclops
 14136 | D:7      | Reached XP level 11. HP: 78/78 MP: 0/0
 14136 | D:7      | Learned a level 4 spell: Hailstorm
 14522 | D:7      | Found a glowing golden altar of the Shining One.
 14813 | D:7      | Noticed a two-headed ogre
 14821 | D:7      | Killed a two-headed ogre
 14822 | D:7      | Reached skill level 11 in Spellcasting
 15599 | D:8      | Found a burning altar of Makhleb.
 15743 | D:8      | Identified the +11 rapier of Darkness {vorpal, rPois rF++}
 16311 | D:9      | Found a staircase to the Lair.
 16385 | D:9      | Was forgiven by Ashenzari
 16704 | D:9      | Found a shimmering altar of Xom.
 16730 | D:9      | Reached skill level 12 in Spellcasting
 16774 | D:9      | Reached XP level 12. HP: 86/86 MP: 0/0
 18521 | D:6      | Bought a potion of brilliance for 40 gold pieces
 18521 | D:6      | Bought 2 potions of haste for 200 gold pieces
 18521 | D:6      | Bought a potion of haste for 100 gold pieces
 18521 | D:6      | Bought a potion of curing for 30 gold pieces
 18541 | D:6      | Bought the +1 ring mail "Xuligedd" {rN+ rCorr Dex-3 Slay+3}
                  | for 417 gold pieces
 18541 | D:6      | Bought a +0 pair of gloves of hurling for 149 gold pieces
 18580 | D:6      | Bought a scroll of teleportation for 33 gold pieces
 18588 | D:6      | Bought a scroll of holy word for 82 gold pieces
 18588 | D:6      | Bought a scroll of magic mapping for 38 gold pieces
 18588 | D:6      | Bought a scroll of enchant weapon for 82 gold pieces
 18588 | D:6      | Bought a scroll of enchant weapon for 82 gold pieces
 18787 | D:10     | Entered Level 10 of the Dungeon
 18896 | D:6      | Bought a scroll of enchant armour for 180 gold pieces
 20149 | D:10     | Found an ornate altar of the Wu Jian Council.
 20369 | D:10     | Found a faded altar of an unknown god.
 20369 | D:10     | Found a sparkling altar of Nemelex Xobeh.
 20377 | D:10     | Found a stormy altar of Qazlal.
 20379 | D:10     | Found a hazy altar of Hepliaklqana.
 20381 | D:10     | Found a faded altar of an unknown god.
 20473 | D:11     | Reached skill level 1 in Evocations
 20617 | D:11     | Noticed a two-headed ogre
 20621 | D:11     | Killed a two-headed ogre
 20622 | D:11     | Reached skill level 13 in Spellcasting
 20995 | D:11     | Found a staircase to the Orcish Mines.
 21078 | D:11     | Noticed a two-headed ogre
 21083 | D:11     | Killed a two-headed ogre
 21591 | D:11     | Reached XP level 13. HP: 94/94 MP: 0/0
 21591 | D:11     | Learned a level 5 spell: Lightning Bolt
 21798 | D:11     | Identified the ring of Coehi {Fire Dex+3}
 22305 | D:11     | Found a runed translucent door.
 22329 | D:11     | Reached skill level 1 in Short Blades
 22696 | D:11     | Noticed a boulder beetle
 22701 | D:11     | Killed a boulder beetle
 22702 | D:11     | Reached skill level 14 in Spellcasting
 22711 | D:11     | Noticed a boulder beetle
 22717 | D:11     | Noticed an eight-headed hydra
 22722 | D:11     | Killed an eight-headed hydra
 22722 | D:11     | Killed a boulder beetle
 22790 | D:11     | Identified the -5 pair of gloves of Honour {rPois rN++
                  | rCorr Str-3}
 23086 | D:12     | Noticed a six-headed hydra
 23099 | D:12     | Killed a six-headed hydra
 23770 | D:12     | Noticed a three-headed hydra
 23778 | D:12     | Killed a three-headed hydra
 23779 | D:12     | Reached XP level 14. HP: 88/102 MP: 0/0
 24159 | D:13     | Noticed Nessos
 24168 | D:13     | Killed Nessos
 24169 | D:13     | Reached skill level 5 in Armour
 24485 | D:13     | Reached skill level 10 in Fighting
 24699 | D:13     | Reached skill level 5 in Dodging
 25352 | D:14     | Reached skill level 15 in Spellcasting
 25713 | D:14     | Found a runed translucent gate.
 25714 | D:14     | Found a runed translucent gate.
 25714 | D:14     | Found a runed translucent gate.
 25715 | D:14     | Noticed issech's ghost (journeyman MiMo)
 25715 | D:14     | Noticed mortz's ghost (journeyman DgEE)
 25948 | D:14     | Found a gate to the Vaults.
 26326 | D:14     | Found Xiadac's General Store.
 26334 | D:14     | Bought a wand of flame (7) for 63 gold pieces
 26591 | D:14     | Killed issech's ghost
 26673 | D:14     | Identified the ring "Kossiv" {Ice Will+ Int+3}
 26695 | D:15     | Entered Level 15 of the Dungeon
 26711 | D:15     | Noticed Azrael
 26764 | D:15     | Killed Azrael
 26881 | D:15     | Noticed Josephine
 26886 | D:15     | Killed Josephine
 26887 | D:15     | Reached skill level 5 in Evocations
 26962 | D:15     | Reached XP level 15. HP: 109/109 MP: 0/0
 26962 | D:15     | Learned a level 6 spell: Conjure Ball Lightning
 27217 | D:15     | Noticed Agnes
 27229 | D:15     | HP: 4/124 [Agnes/+0 lajatang of speed (10)]
 27320 | D:15     | Slain by Agnes

Illustrated notes

Levels and vault maps discovered:
D:1:      minmay_arrival_wavy_path, layout_loops_ring, minmay_worlds_worst_comb
D:2:      layout_loops_ring, basic_altar, minmay_pentomino_q4
D:3:      layout_loops_ring, elyvilon_altar_5, tgw_trog, zin_academy,
          gammafunk_ghost_nasty_kobolds, basic_ecumenical_altar, uniq_sigmund,
          uniq_jessica, uniq_natasha
D:4:      layout_cave_pools, uniq_robin
D:5:      layout_layer_cave, portal_sewer_entry_f
D:6:      layout_loops_cross, minmay_temple_entry_hall, serial_shops,
          nicolae_shop_hallway_plus, shop_statue, nicolae_shop_behind_doors,
          nicolae_shop_trees, nicolae_shop_stone, hex_large,
          amcnicky_altar_lugonu_corruption, uniq_menkaure
D:7:      nzn_winding_woodlands_stair_cross
          [nzn_winding_woodlands_5x15_concentric,
          nzn_winding_woodlands_center_lodge, nzn_winding_woodlands_5x15_eye,
          nzn_winding_woodlands_hourglass, nzn_winding_woodlands_5x5_open_star,
          nzn_winding_woodlands_5x15_sidewinder,
          nzn_winding_woodlands_center_triple_pond,
          nzn_winding_woodlands_5x15_lazy_stream], layout_rooms,
          nicolae_tso_carved_into_rock, enter_bailey_3, minmay_crystal_room,
          grunt_ministairs_15
D:8:      layout_loops_ring, led_sif_book, general_overflow_altar,
          roderic_nine_men_s_morris
D:9:      layout_roguey, xom_confusion_cloud, dpeg_oklobed_lair,
          minmay_misc_feat_nine_boxes, kennysheep_decorative_pillar,
          hangedman_decor_points
D:10:     layout_gridville, pdpol_wu_jian_five_deadly_venoms,
          chequers_temple_overflow_minitemple, serial_rivers,
          chequers_serial_rivers_small_3, chequers_serial_rivers_marsh,
          chequers_serial_rivers_micro_d, chequers_serial_rivers_micro_d,
          chequers_serial_rivers_marsh, chequers_serial_rivers_marsh,
          minmay_misc_feat_columns
D:11:     minmay_the_grid_triangle_9x9_rhombus_full
          [minmay_the_grid_triangle_9x9_corrupted_corridor,
          minmay_the_grid_triangle_9x9_subtriangle,
          minmay_the_grid_triangle_9x9_intruding_spiral,
          minmay_the_grid_triangle_9x9_negative_grid,
          minmay_the_grid_triangle_9x9_sprig,
          minmay_the_grid_triangle_9x9_thin_v,
          minmay_the_grid_triangle_9x9_swiss_cheese,
          minmay_the_grid_triangle_9x9_prize_insulated], layout_rooms
D:12:     layout_cave_pools, hangedman_ranch
D:13:     layout_rooms, uniq_nessos
D:14:     layout_loops_corners, grunt_vaults_entry_tiered, serial_shops, shop,
          kennysheep_another_room, gammafunk_ghost_cemetery
D:15:     hangedman_depths_entry_try_elsewhere_first, layout_basic,
          hellmonk_bongcloud_opening, uniq_josephine, uniq_azrael, uniq_agnes
Temple:   minmay_freezing_vapour_temple

Skill      XL: |  1  2  3  4  5  6  7  8  9 10 11 12 13 14 |
---------------+-------------------------------------------+-----
Spellcasting   | 3 5 7 8 10 12 13 14 15 | 15.5
Fighting       | 1 2 3 4 5 6 8 9 10 | 10.8
Stealth        | 2 3 4 |  4.2
Armour         | 1 2 3 4 6 |  6.6
Dodging        | 3 6 |  6.5
Evocations     | 2 4 5 |  5.0
Short Blades   | 1 2 |  2.3
Shields        | |  0.3

Action                   |  1- 3 |  4- 6 |  7- 9 | 10-12 | 13-15 || total
-------------------------+-------+-------+-------+-------+-------++-------
Melee: Dagger            |     3 |       |       |       |       ||     3
       Unarmed           |     1 |       |       |       |       ||     1
       Rapier            |       |       |       |     7 |    43 ||    50
Throw: Dart              |       |       |       |       |     2 ||     2
 Cast: Foxfire           |    34 |    26 |   105 |   128 |    40 ||   333
       Scorch            |    24 |    30 |    33 |    68 |    58 ||   213
       Poisonous Vapours |       |       |   101 |   133 |   125 ||   359
       Ignite Poison     |       |       |    19 |    20 |    24 ||    63
       Inner Flame       |       |       |    34 |    93 |    82 ||   209
       Passage of Golubr |       |       |    45 |     5 |    17 ||    67
       Hailstorm         |       |       |       |    12 |     3 ||    15
       Conjure Flame     |       |       |       |     5 |     2 ||     7
       Lightning Bolt    |       |       |       |       |    15 ||    15
       Conjure Ball Ligh |       |       |       |       |     6 ||     6
Evoke: Wand              |       |       |       |       |     3 ||     3
  Use: Scroll            |       |       |    11 |     7 |     5 ||    23
       Potion            |       |       |       |     4 |     8 ||    12
 Stab: Petrified         |       |       |       |       |     3 ||     3
Armor: Robe              |     1 |       |     9 |    20 |       ||    30
       Leather armour    |     1 |     1 |     4 |       |       ||     6
       Ring mail         |       |       |       |    10 |    88 ||    98
Dodge: Dodged            |     9 |     1 |    21 |    52 |    61 ||   144
Block: Buckler           |       |       |     1 |     9 |    16 ||    26
